 Dungeon Crawl Stone Soup version 0.31-a0-1159-g800acc2fd1 (webtiles) character file.

Game seed: 17536401995617615290

2 Malachi the Ruffian (level 1, -1/17 HPs)
             Began as a Djinni Shapeshifter on Dec 8, 2023.
             Frozen to death by an endoplasm (7 damage)
             ... on level 1 of the Dungeon.
             The game lasted 00:00:14 (206 turns).

Malachi the Ruffian (Djinni Shapeshifter)            Turns: 206, Time: 00:00:15

Health: -1/17      AC:  2    Str: 13    XL:     1   Next: 44%
Gold:   28         EV: 12    Int: 11    God:
                   SH:  0    Dex: 12

rFire   + +          .
                       - Unarmed
rCold   x . .        (no shield)
rNeg    . . .        a - +0 animal skin
rPois   ∞            (helmet currently unavailable)
rElec   .            (cloak currently unavailable)
rCorr   .            (gloves currently unavailable)
SInv    .            (boots unavailable)
Will    .....        (no amulet)
Stlth   +            (no ring)
HPRegen 0.22/turn    (no ring)
MPRegen 0.00/turn

%: infuse magic (-2 HP)
@: beast-form, flying
A: beast (slay +1), flying, sickness immunity, fire resistance 2, cold
vulnerability 1, float, innate caster, HP casting, extra vitality 1
a: Begin Untransformation


You were on level 1 of the Dungeon.
You were a hulking beast.
You visited 1 branch of the dungeon, and saw 1 of its levels.

You collected 28 gold pieces.

Inventory:

Armour
 a - a +0 animal skin (worn)
Talismans
 c - a beast talisman
 d - a flux talisman
Scrolls
 e - a scroll of revelation {unknown}
 f - a scroll of teleportation {unknown}
Potions
 b - 2 potions of lignification


   Skills:
 + Level 1.0 Fighting
 - Level 2.1 Dodging
 + Level 3.0 Unarmed Combat
 + Level 2.7 Shapeshifting You didn't know any spells. Your spell library was empty.

Dungeon Overview and Level Annotations

Branches:
Dungeon (1/15)

Altars:


Innate Abilities, Weirdness & Mutations

You are a hulking beast.
Your limbs bulge with bestial killing power. (Slay +1)
You are flying.
You are immune to sickness and miasma.
You are immune to poison.
Your flesh is very heat resistant. (rF++)
You are vulnerable to cold. (rC-)
You float through the air rather than walking.
You learn spells naturally, not from books.
Your magical power is your life essence.
You have superior vitality. (+4 MHP)


Message History

A goblin comes into view. It is wielding a +0 dagger.
A bat comes into view.
The bat moves out of view.
You closely miss the kobold. The kobold completely misses you.
You completely miss the kobold. The kobold misses you.
The endoplasm quivers.
You hit the kobold but do no damage. The kobold closely misses you.
You hit the kobold but do no damage. The kobold hits you but does no damage.
You closely miss the kobold. The kobold closely misses you.
You barely miss the kobold. The bat closely misses you. x2
The goblin hits you with a +0 dagger. The kobold barely misses you.
You hit the kobold.
The kobold is moderately wounded.
The bat hits you but does no damage. The goblin hits you with a +0 dagger.
The kobold hits you with a +0 dagger.
You hit the kobold.
You kill the kobold!
The bat barely misses you. The bat closely misses you.
The goblin hits you with a +0 dagger.
You closely miss the bat. The bat closely misses you.
The endoplasm freezes you.
You are frozen!
You feel a terrible chill!
* * * LOW HITPOINT WARNING * * *
The goblin misses you.
You are too injured to fight recklessly!
You are too injured to fight recklessly!
You are too injured to fight recklessly!
You are too injured to fight recklessly!
The bat attacks as it pursues you! The bat hits you but does no damage.
The bat closely misses you.
You hit the bat but do no damage. The bat barely misses you.
The endoplasm misses you. The goblin completely misses you.
You barely miss the bat. The bat misses you.
The endoplasm hits you but does no damage.
The goblin closely misses you.
You hit the bat.
You kill the bat!
The endoplasm freezes you.
You are frozen!
You feel a terrible chill!
You die...

###.###..#......#
................#
........#)......#######
........##............#
........##............######
###....###...................
#..#.###.#####.......###...
#..#..#..#####.......#
###............†hg....##
.....#.....#####.J$...#
####.#.....### #......# #
#.#.......# #......# #
#.##......######)....... ##
#.# #.........##..#....# .#
#.# ##.#....#.....#....# .#
#.# ##.##.......... ....
.###.###..##........#.#..##


You could see an endoplasm and a goblin.

Vanquished Creatures
  2 kobolds (D:1)
  A bat (D:1)
3 creatures vanquished.

Notes
Turn   | Place    | Note
-------+----------+-------------------------------------------
     0 | D:1      | Malachi the Djinni Shapeshifter began the quest for the
                  | Orb.
     0 | D:1      | Reached XP level 1. HP: 17/17 MP: 0/0
   206 | D:1      | Frozen to death by an endoplasm

Illustrated notes

Levels and vault maps discovered:
D:1:      minmay_arrival_up_and_down, layout_rooms,
          minmay_misc_feat_four_crosses

Action                     || total
---------------------------++-------
  Melee: Unarmed           ||    15
 Armour: Animal skin       ||     9
  Dodge: Dodged            ||    19

Table legend: (Time is in decaauts)
 A = Elapsed time spent in this place.
 B = Non-inter-level travel time spent in this place.
 C = Inter-level travel time spent in this place.
 D = Time resting spent in this place.
 E = Time spent auto-exploring this place.
 F = Levels seen in this place.
 G = Mean time per level.
                   A        B        C        D        E       F      G
               +--------+--------+--------+--------+--------+-----+--------+
         Total |    205 |    205 |      0 |    100 |     76 |   1 |  205.0 |
       Dungeon |    205 |    205 |      0 |    100 |     76 |   1 |  205.0 |
               +--------+--------+--------+--------+--------+-----+--------+

Top non-repeatable levels by time:
     D:1: 205 daAuts
